 Dungeon Crawl Stone Soup version 0.30-a0-4-ga7cffc901d (webtiles) character file.

Game seed: 13864004544579790071

1157 frimble the Trooper (level 8, -4/64 HPs)
             Began as a Demonspawn Earth Elementalist on Aug 21, 2022.
             Was an Initiate of Cheibriados.
             Slain by Eustachio
             ... wielding a +3 falchion of freezing
              (9 damage)
             ... on level 6 of the Dungeon.
             The game lasted 00:05:03 (6082 turns).

frimble the Trooper (Demonspawn Earth Elementalist) Turns: 6082, Time: 00:05:04

Health: -4/64      AC:  4    Str: 10    XL:     8   Next: 16%
Magic:  11/11      EV: 12    Int: 18    God:    Cheibriados [......]
Gold:   305        SH:  0    Dex: 18    Spells: 4/11 levels left

rFire   . . .      SeeInvis .    k - +0 dagger (elec)
rCold   . . .      Faith    .    (no shield)
rNeg    . . .      Spirit   .    a - +0 robe
rPois   .          Reflect  .    p - +0 helmet
rElec   .          Harm     .    (no cloak)
rCorr   .          Rampage  .    (no gloves)
Will    .....                    l - +0 pair of boots
Stlth   +++.......               (no amulet)
HPRegen 0.20/turn                (no ring)
MPRegen 0.12/turn                (no ring)

@: very slow
A: thin skeletal structure 1, foul stench 2, demonic touch 2
a: Renounce Religion


You were on level 6 of the Dungeon.
You worshipped Cheibriados.
Cheibriados was noncommittal.
You visited 2 branches of the dungeon, and saw 7 of its levels.

You collected 354 gold pieces.
You spent 49 gold pieces at shops.

Inventory:

Hand Weapons
 c - a +0 dagger
 h - a +0 falchion
 j - a +2 falchion of protection
 k - a +0 dagger of electrocution (weapon)
 q - a +0 rapier
Armour
 a - a +0 robe (worn)
 l - a +0 pair of boots (worn)
 p - a +0 helmet (worn)
Wands
 t - a wand of acid (9)
 u - a wand of roots (14)
Scrolls
 f - 2 scrolls of poison
 m - a scroll of teleportation
 o - a scroll of torment
 r - 2 scrolls of identify
 x - a scroll of blinking
Potions
 b - 2 potions of brilliance
 d - 4 potions of flight
 e - 2 potions of lignification
 g - a potion of might
 i - a potion of resistance
 n - a potion of berserk rage {unknown}
 s - 2 potions of degeneration {unknown}
 v - a potion of heal wounds
 w - a potion of magic


   Skills:
 + Level 5.9 Fighting
 + Level 5.7 Short Blades
 - Level 0.9(3.6) Long Blades
 - Level 1.8 Dodging
 - Level 2.5 Stealth
 - Level 2.0 Spellcasting
 + Level 2.5 Translocations
 - Level 0.9 Transmutations
 - Level 2.7 Earth Magic


You had 4 spell levels left.
You knew the following spells:

 Your Spells              Type           Power      Damage    Failure   Level
a - Sandblast             Erth           22%        2d7       6%          1
b - Passwall              Tmut/Erth      6%         N/A       13%         2
c - Passage of Golubria   Tloc           10%        N/A       54%         4

Your spell library contained the following spells:

 Spells                   Type           Power      Damage    Failure   Level
 Summon Small Mammal      Summ           4%         N/A       19%         1
 Stone Arrow              Conj/Erth      12%        3d7       30%         3
 Call Canine Familiar     Summ           1%         N/A       47%         3
 Summon Guardian Golem    Hex/Summ       1%         N/A       47%         3
 Tukima's Dance           Hex            1%         N/A       47%         3
 Petrify                  Tmut/Erth      8%         N/A       63%         4
 Iskenderun's Mystic Bla  Conj/Tloc      6%         2d4       71%         4
 Fulminant Prism          Conj/Hex       0%         3d6       87%         4
 Lee's Rapid Deconstruct  Erth           5%         3d7*      86%         5
 Yara's Violent Unravell  Hex/Tmut       1%         3d3       99%         5


Dungeon Overview and Level Annotations

Branches:
Dungeon (6/15)             Temple (1/1) D:4

Altars:
Ashenzari
Cheibriados
Dithmenos
Fedhas
Gozag
Hepliaklqana
Kikubaaqudgha
Makhleb
Nemelex Xobeh
Ru
Sif Muna
Trog
Uskayaw
Vehumet
Wu Jian

Shops:
D:1 *   D:2 =

Annotations:
D:5 3 runed translucent doors, dduke234's ghost, novice MiMo
D:6 Eustachio


Innate Abilities, Weirdness & Mutations

You have a somewhat thin skeletal structure. (Dex +2, Stealth+)
You sometimes emit foul miasma when damaged in melee.
Your touch may inflict irresistible damage on your foes.


Message History

You are too injured to fight recklessly!
You are too injured to fight recklessly!
You are too injured to fight recklessly!
You hit Eustachio. Lightning courses through Eustachio!!
Eustachio is heavily wounded.
Eustachio gestures wildly while chanting.
Eustachio blinks!
The sky beast hits you. The sky beast shocks you.
You see here 10 gold pieces.
You now have 305 gold pieces (gained 10).
The sky beast closely misses you.
You barely miss Eustachio.
You touch Eustachio!
Eustachio is severely wounded.
The sky beast hits you. The sky beast shocks you.
You emit a cloud of foul miasma!
Eustachio barely misses you.
You miss Eustachio.
Eustachio is severely wounded.
The sky beast is engulfed in dark miasma.
The sky beast is poisoned.
The sky beast flickers out of sight!
Deactivating autopickup; reactivate with Ctrl-A.
Something hits you but does no damage.
Eustachio hits you with a +3 falchion of freezing!
Eustachio freezes you.
You barely miss Eustachio.
Eustachio is severely wounded.
You hit Eustachio.
Eustachio is severely wounded.
Something hits you. Something shocks you.
* * * LOW HITPOINT WARNING * * *
Eustachio hits you with a +3 falchion of freezing!
* * * LOW HITPOINT WARNING * * *
Eustachio freezes you.
* * * LOW HITPOINT WARNING * * *
Aiming: Fastroot
Press: ? - help, Shift-Dir - straight line The roots erupt in riotous growth!
Roots grab Eustachio.
The grasping roots constrict Eustachio.
Something hits you but does no damage.
Eustachio hits you with a +3 falchion of freezing!
You die...

#.#.#.#.###.......#
..........#.#.##..# #
#.#.#.###.....##..# .#
#.#.#.#.###.####..###.##
#.#.#.#..................
#.#.#.#<....##..........#
#.....#.#..........##.#.#
#...#.#.###.##.#......#
......#.###....#@@..###
..#.#............{..#
###.#.#......###....#
###.#.######.# .......
....#.....<#. #.#..###
....#.######. #.#..#
###.#........ ..#..#
#............ ..#..#
.............


You could see Eustachio (rooted).

Vanquished Creatures
  Pikel (D:4)
  Grinder (D:5)
  An ogre (D:5)
  A bullfrog (D:6)
  A necrophage (D:6)
  2 iguanas (D:5)
  4 orc wizards
  6 adders
  A shadow imp (D:5)
  A white imp (D:4)
  A dart slug (D:4)
  10 orcs
  9 endoplasms
  4 giant cockroaches
  8 goblins
  5 hobgoblins
  10 kobolds
  6 quokkas
  8 ball pythons
  5 bats
  3 frilled lizards (D:1)
  14 rats
102 creatures vanquished.

Notes
Turn   | Place    | Note
-------+----------+-------------------------------------------
     0 | D:1      | frimble the Demonspawn Earth Elementalist began the quest
                  | for the Orb.
     0 | D:1      | Reached XP level 1. HP: 13/13 MP: 3/3
   537 | D:1      | Reached skill level 1 in Short Blades
   558 | D:1      | Gained mutation: You have a somewhat thin skeletal
                  | structure. (Dex +2, Stealth+) [demonic ancestry]
   558 | D:1      | Reached XP level 2. HP: 15/19 MP: 5/5
  1079 | D:1      | Learned a level 2 spell: Passwall
  1364 | D:1      | Reached XP level 3. HP: 6/24 MP: 3/6
  1599 | D:1      | Found Yjeac's Assorted Antiques.
  1649 | D:1      | Bought a scroll labelled YVUIJYRENT for 26 gold pieces
  2120 | D:1      | You fall into a shaft and drop 1 floor!
  2335 | D:2      | Found Nunuodadd's Jewellery Shoppe.
  2420 | D:2      | Found a hide-covered altar of Uskayaw.
  2586 | D:2      | Found a faded altar of an unknown god.
  2804 | D:1      | Bought a grey potion for 23 gold pieces
  2860 | D:1      | Reached skill level 1 in Fighting
  2952 | D:2      | Gained mutation: Your touch may inflict minor irresistible
                  | damage on your foes. [demonic ancestry]
  2952 | D:2      | Reached XP level 4. HP: 9/32 MP: 7/7
  3471 | D:3      | Found an opulent altar of Gozag.
  3608 | D:3      | Found a blossoming altar of Fedhas.
  4050 | D:4      | Gained mutation: You may rarely emit foul miasma when
                  | damaged in melee. [demonic ancestry]
  4050 | D:4      | Reached XP level 5. HP: 38/38 MP: 8/8
  4118 | D:4      | Noticed a lemure
  4118 | D:4      | Noticed a lemure
  4118 | D:4      | Noticed a lemure
  4118 | D:4      | Noticed Pikel
  4121 | D:4      | Noticed a lemure
  4127 | D:4      | Killed Pikel
  4128 | D:4      | Reached XP level 6. HP: 33/49 MP: 9/9
  4128 | D:4      | Gained mutation: You sometimes emit foul miasma when
                  | damaged in melee. [demonic ancestry]
  4128 | D:4      | Reached XP level 7. HP: 37/55 MP: 10/10
  4611 | D:4      | Reached skill level 5 in Fighting
  4611 | D:4      | Reached skill level 5 in Short Blades
  4682 | D:4      | Found a staircase to the Ecumenical Temple.
  4695 | Temple   | Entered the Ecumenical Temple
  4842 | Temple   | Became a worshipper of Cheibriados the Contemplative
  4963 | D:4      | Learned a level 4 spell: Passage of Golubria
  4984 | D:5      | Entered Level 5 of the Dungeon
  4993 | D:5      | Noticed Grinder
  4994 | D:5      | Paralysed by Grinder for 2 turns
  5005 | D:5      | Killed Grinder
  5006 | D:5      | Reached skill level 1 in Translocations
  5198 | D:5      | Found a runed translucent gate.
  5199 | D:5      | Found a runed translucent gate.
  5200 | D:5      | Found a runed translucent gate.
  5202 | D:5      | Noticed dduke234's ghost (novice MiMo)
  5395 | D:5      | Found a sparkling altar of Nemelex Xobeh.
  5510 | D:5      | Gained mutation: Your touch may inflict irresistible damage
                  | on your foes. [demonic ancestry]
  5510 | D:5      | Reached XP level 8. HP: 24/64 MP: 11/11
  6068 | D:6      | Noticed Eustachio
  6082 | D:6      | Slain by Eustachio

Illustrated notes

Levels and vault maps discovered:
D:1:      ncdulo_wetmaze, layout_loops_corners, serial_shops,
          nicolae_square_shop, minmay_tetromino_t2
D:2:      layout_rooms, shapermc_ecumenical_altar_mp_vishouse, basic_altar,
          serial_shops, nicolae_shop_behind_doors
D:3:      layout_loops_cross, zin_scriptorium, nicolae_overflow_crystal_walls,
          elyvilon_altar_4, mainiacjoe_overflow_alcove_2,
          minmay_fractal_squares_diagonal_5, uniq_crazy_yiuf_cottage
D:4:      layout_basic, minmay_temple_entry_antechambers, uniq_pikel
D:5:      layout_basic, mainiacjoe_overflow_surrounded_room,
          ebering_ghost_rock_garden, uniq_grinder
D:6:      layout_basic, uniq_eustachio
Temple:   dshaligram_water_room_temple

Skill      XL: |  1  2  3  4  5  6  7 |
---------------+----------------------+-----
Short Blades   | 1 2 4 5 |  5.7
Stealth        | 2 |  2.5
Fighting       | 1 2 4 5 |  5.9
Translocations | 2 |  2.5
Long Blades    | |  0.9
Dodging        | |  1.8
Spellcasting   | |  2.0
Transmutations | |  0.9
Earth Magic    | |  2.7

Action                   |  1- 3 |  4- 6 |  7- 9 || total
-------------------------+-------+-------+-------++-------
Melee: Dagger            |   109 |    43 |    78 ||   230
       Falchion          |    47 |       |       ||    47
       Punch             |     1 |       |       ||     1
       Touch             |       |     7 |    12 ||    19
 Cast: Sandblast         |    23 |       |     2 ||    25
Evoke: Wand              |       |       |     1 ||     1
  Use: Potion            |     2 |       |       ||     2
       Scroll            |     7 |       |     5 ||    12
 Stab: Sleeping          |     8 |     5 |     6 ||    19
       Distracted        |     1 |       |       ||     1
Armor: Robe              |    35 |    11 |    13 ||    59
Dodge: Dodged            |   100 |    15 |    27 ||   142

Table legend: (Time is in decaauts)
 A = Elapsed time spent in this place.
 B = Non-inter-level travel time spent in this place.
 C = Inter-level travel time spent in this place.
 D = Time resting spent in this place.
 E = Time spent auto-exploring this place.
 F = Levels seen in this place.
 G = Mean time per level.
                   A        B        C        D        E       F      G
               +--------+--------+--------+--------+--------+-----+--------+
         Total |   6270 |   5980 |    290 |    226 |   4950 |   7 |  895.7 |
       Dungeon |   6103 |   5869 |    234 |    226 |   4850 |   6 | 1017.2 |
        Temple |    167 |    111 |     56 |      0 |    100 |   1 |  167.0 |
               +--------+--------+--------+--------+--------+-----+--------+

Top non-repeatable levels by time:
     D:1: 2316 daAuts
     D:5: 967 daAuts
     D:2: 876 daAuts
     D:3: 837 daAuts
     D:4: 830 daAuts
     D:6: 275 daAuts
  Temple: 167 daAuts
